 Dungeon Crawl Stone Soup version 0.28.0-53-g5a82cb258f (webtiles) character file.

Game seed: 15617365363207455679

168 safid the Chopper (level 5, -1/46 HPs)
             Began as a Hill Orc Fighter on Aug 15, 2022.
             Slain by an orc warrior
             ... wielding a +0 halberd
              (14 damage)
             ... on level 3 of the Dungeon.
             The game lasted 00:02:50 (3273 turns).

safid the Chopper (Hill Orc Fighter)                Turns: 3273, Time: 00:02:50

Health: -1/46      AC:  8    Str: 21    XL:     5   Next: 49%
Magic:  5/5        EV:  9    Int:  8    God:
Gold:   104        SH:  4    Dex: 10    Spells: 4/4 levels left

rFire   . . .      SeeInvis .   a - +0 war axe
rCold   . . .      Faith    .   c - +0 buckler
rNeg    . . .      Spirit   .   b - +0 scale mail
rPois   .          Reflect  .   (no helmet)
rElec   .          Harm     .   g - +0 cloak
rCorr   .          Rampage  .   (no gloves)
Will    .....                   (no boots)
Stlth   ..........              (no amulet)
HPRegen 0.15/turn               (no ring)
MPRegen 0.09/turn               (no ring)

@: no status effects
A: no striking features
a: no special abilities


You were on level 3 of the Dungeon.
You visited 1 branch of the dungeon, and saw 3 of its levels.

You collected 104 gold pieces.

Inventory:

Hand Weapons
 a - a +0 war axe (weapon)
Missiles
 j - 2 poisoned darts (quivered)
 l - 3 javelins
 u - a throwing net
Armour
 b - a +0 scale mail (worn)
 c - a +0 buckler (worn)
 g - a +0 cloak (worn)
Jewellery
 e - a ring of fire
Scrolls
 f - 2 scrolls of fog {unknown}
 h - a scroll of vulnerability {unknown}
 n - a scroll of enchant weapon {unknown}
 p - a scroll of identify {unknown}
 q - a scroll of fear {unknown}
 t - a scroll of immolation {unknown}
Potions
 d - a potion of might
 i - a potion of resistance {unknown}
 k - a potion of brilliance {unknown}
 m - 2 potions of cancellation {unknown}
 o - a potion of invisibility {unknown}
 r - a potion of degeneration {unknown}
 s - a potion of curing {unknown}


   Skills:
 - Level 4.0 Fighting
 + Level 6.0 Axes
 - Level 4.0 Armour
 - Level 4.0 Shields


You had 4 spell levels left.
You didn't know any spells.
Your spell library was empty.

Dungeon Overview and Level Annotations

Branches:
Dungeon (3/15)

Altars:
Okawaru
The Shining One


Message History

No target in view!
Things that are here:
a +0 club; a goblin corpse
Found a stone staircase leading down.
An orc warrior is nearby!
An orc warrior is nearby!
The orc warrior shouts!
You hear a shout!
You see here a throwing net.
u - a throwing net An orc comes into view.
It is wielding a +0 hand axe.
Throw: 6 darts (poison)
Press: ? - help, Q - select action, (/) - cycle Shift-Dir - straight line, f - orc warrior
Aim: an orc warrior, wielding a +0 halberd and wearing a +0 chain mail (53% to hit)
You throw a poisoned dart. The poisoned dart hits the orc warrior.
Unknown command.
Throw: 5 darts (poison)
Press: ? - help, Q - select action, (/) - cycle Shift-Dir - straight line, f/p - orc warrior
Aim: an orc warrior, wielding a +0 halberd and wearing a +0 chain mail (53% to hit)
You throw a poisoned dart.
The poisoned dart closely misses the orc warrior.
Throw: 4 darts (poison)
Press: ? - help, Q - select action, (/) - cycle Shift-Dir - straight line, f/p - orc warrior
Aim: an orc warrior, wielding a +0 halberd and wearing a +0 chain mail (53% to hit)
You throw a poisoned dart. The poisoned dart hits the orc warrior.
The orc warrior misses you.
Throw: 3 darts (poison)
Press: ? - help, Q - select action, (/) - cycle Shift-Dir - straight line, f/p - orc warrior
Aim: an orc warrior, wielding a +0 halberd and wearing a +0 chain mail (53% to hit)
You throw a poisoned dart.
The poisoned dart closely misses the orc warrior.
The orc warrior hits you from afar with a +0 halberd.
The orc warrior hits you with a +0 halberd!
You barely miss the orc warrior.
The orc warrior hits you with a +0 halberd!
* * * LOW HITPOINT WARNING * * *
The orc warrior closely misses you.
You hit the orc warrior.
The orc warrior is lightly wounded.
The orc warrior hits you with a +0 halberd!
You die...

####............#.......# .....
................####..#.##.....
..).............# #..........
.o.......o......# ##.#.##..#
......#.....o..o## #...##..# #
.....###.......((# #.###...#.#
...............#o# #......##.#
...#.).).#.....#o# #.##......#
..##.._..##....#@## #.##.)..###
#..#.).).#.....#..# #.##.##.#
#..............##.# #.##.##.###
##...###......##
..##.##.##...### #....#.......#
#.##.##.####.#.. #.#.....)....#
.##.##.. #.#.#
...####.......### .##.####
#...# #### #.......... .. #####
#.......... . #


You could see an orc warrior, an orc wizard and an orc.

Vanquished Creatures
  7 gnolls
  5 adders
  A dart slug (D:1)
  An orc (D:3)
  7 endoplasms
  4 goblins
  4 hobgoblins
  2 kobolds
  7 ball pythons
  8 bats
  A frilled lizard (D:2)
  A quokka skeleton (D:2)
  7 rats
55 creatures vanquished.

Notes
Turn   | Place    | Note
-------+----------+-------------------------------------------
     0 | D:1      | safid the Hill Orc Fighter began the quest for the Orb.
     0 | D:1      | Reached XP level 1. HP: 19/19 MP: 1/1
    94 | D:1      | Found a faded altar of an unknown god.
   307 | D:1      | Reached XP level 2. HP: 27/27 MP: 2/2
   308 | D:1      | Reached skill level 3 in Axes
  1128 | D:2      | Reached XP level 3. HP: 33/33 MP: 3/3
  1751 | D:2      | Reached XP level 4. HP: 36/40 MP: 4/4
  2048 | D:2      | Reached skill level 4 in Axes
  2451 | D:3      | Found an iron altar of Okawaru.
  2488 | D:3      | Reached skill level 5 in Axes
  2512 | D:2      | Reached XP level 5. HP: 6/46 MP: 5/5
  3055 | D:3      | Found a glowing golden altar of the Shining One.
  3088 | D:3      | Noticed an orc warrior
  3163 | D:2      | Reached skill level 6 in Axes
  3273 | D:3      | Slain by an orc warrior

Illustrated notes

Levels and vault maps discovered:
D:1:      dpeg_arrival_oval, layout_loops_corners,
          ebering_ecumenical_altar_ruins
D:2:      layout_loops_corners, serial_rivers, chequers_serial_rivers_room_a,
          chequers_serial_rivers_room_b, chequers_serial_rivers_micro_e,
          chequers_serial_rivers_marsh, chequers_serial_rivers_small_3,
          chequers_serial_rivers_micro_b
D:3:      layout_basic, okawaru_ov_weapons_minmay, nicolae_tso_carved_into_rock,
          serial_shops, nicolae_shop_waterfront

Skill      XL: |  1  2  3  4  5 |
---------------+----------------+-----
Axes           | 3 5 6 |  6.0
Fighting       | 4 |  4.0
Armour         | 4 |  4.0
Shields        | 4 |  4.0

Action                   |  1- 3 |  4- 6 || total
-------------------------+-------+-------++-------
Melee: War axe           |   104 |    64 ||   168
Throw: Dart              |       |     4 ||     4
Armor: Scale mail        |    65 |    27 ||    92
Dodge: Dodged            |    52 |    45 ||    97
Block: Buckler           |    26 |    14 ||    40
